 Dungeon Crawl Stone Soup version 0.24-a0-512-g2b48af375b (webtiles) character file.

Game seed: 10597285073245580351

4667 Gynju the Destroyer (level 10, -4/83 (84) HPs)
             Began as a Grey Draconian Conjurer on July 20, 2019.
             Was a Believer of Vehumet.
             Killed by refrigeration
             ... invoked by Fannar
              (20 damage)
             ... on level 10 of the Dungeon.
             The game lasted 00:23:09 (13907 turns).

Gynju the Destroyer (Grey Draconian Conjurer)      Turns: 13907, Time: 00:23:09

HP:   -4/83 (84)    AC: 15    Str: 11    XL:     10   Next: 20%
MP:   2/16          EV: 14    Int: 19    God:    Vehumet [**....]
Gold: 397           SH:  4    Dex: 11    Spells: 11/17 levels left

rFire    . . .     SeeInvis .   t - +1 rapier (vamp)
rCold    . . .     Gourm    .   x - +0 buckler
rNeg     . . .     Faith    .   (armour unavailable)
rPois    .         Spirit   .   (helmet restricted)
rElec    .         Reflect  .   (no cloak)
rCorr    .         Harm     .   n - +0 pair of gloves
MR       .....                  C - +1 pair of boots
Stlth    ++........             (no amulet)
HPRegen  0.23/turn              v - ring of flight
MPRegen  0.15/turn              (no ring)

@: very slightly contaminated
A: walk through water, unfitting armour, unbreathing, cold-blooded, AC +12
a: Renounce Religion, Evoke Flight


You were on level 10 of the Dungeon.
You worshipped Vehumet.
Vehumet was pleased with you.
You were not hungry.

You visited 2 branches of the dungeon, and saw 11 of its levels.

You collected 397 gold pieces.

Inventory:

Hand Weapons
 a - a +3 dagger of venom
 o - a +2 mace of holy wrath
 t - a +1 vampiric rapier (weapon)
Missiles
 j - 113 stones (quivered)
 q - 52 poisoned darts
Armour
 n - a +0 pair of gloves (worn)
 x - a +0 buckler (worn)
 C - a +1 pair of boots (worn)
Jewellery
 v - a ring of flight (left hand)
 A - a +3 ring of protection {unknown}
 B - an uncursed ring of wizardry {unknown}
 D - an uncursed ring of ice {unknown}
 E - an uncursed ring of fire {unknown}
Wands
 f - a wand of digging (1)
 k - a wand of clouds (8)
 y - a wand of flame (1)
Scrolls
 e - a scroll of fog {unknown}
 g - 4 scrolls of teleportation {unknown}
 h - 7 scrolls of identify {unknown}
 l - 5 scrolls of remove curse {unknown}
 p - 2 scrolls of enchant armour {unknown}
 w - a scroll of immolation {unknown}
Potions
 c - 5 potions of curing {unknown}
 d - 2 potions of ambrosia {unknown}
 i - 2 potions of agility {unknown}
 m - 2 potions of haste
 r - 2 potions of berserk rage {unknown}
 s - a potion of degeneration {unknown}
 u - a potion of might {unknown}
 z - 2 potions of heal wounds {unknown}
 G - 2 potions of brilliance {unknown}
Comestibles
 b - 10 rations
 F - 3 chunks of flesh


   Skills:
 + Level 6.6 Fighting
 + Level 5.4 Short Blades
 + Level 5.9 Dodging
 - Level 1.7 Stealth
 + Level 3.2 Shields
 - Level 4.0 Spellcasting
 + Level 9.1 Conjurations
 + Level 4.1 Hexes


You had 11 spell levels left.
You knew the following spells:

 Your Spells              Type           Power        Failure   Level  Hunger
a - Magic Dart            Conj           ####         1%          1    None
b - Dazzling Spray        Conj/Hex       ####..       2%          3    ###....
c - Searing Ray           Conj           #####.       1%          2    ##.....

Your spell library contained the following spells:

 Spells                   Type           Power        Failure   Level  Hunger
 Sandblast                Erth           #.....       14%         1    None
 Corona                   Hex            ###....      2%          1    None
 Iskenderun's Mystic Bla  Conj           #####...     3%          4    ####...
 Slow                     Hex            ###.....     4%          2    ##.....
 Conjure Flame            Conj/Fire      ###.....     7%          3    ###....
 Confuse                  Hex            ###.....     8%          3    ###....
 Tukima's Dance           Hex            ###.....     8%          3    ###....
 Ensorcelled Hibernation  Hex/Ice        ##....       10%         2    ##.....
 Fulminant Prism          Conj/Hex       ####......   10%         4    ####...
 Mephitic Cloud           Conj/Pois/Air  ###.....     13%         3    ###....
 Beastly Appendage        Tmut           #.....       14%         1    None
 Blink                    Tloc           N/A          22%         2    ##.....
 Call Imp                 Summ           #.......     22%         2    ##.....
 Sticks to Snakes         Tmut           #.......     22%         2    ##.....
 Force Lance              Conj/Tloc      ###.....     22%         4    ####...
 Spider Form              Tmut/Pois      #.........   41%         3    ###....
 Ice Form                 Ice/Tmut       #.......     82%         4    ####...
 Blade Hands              Tmut           #.........   99%         5    ######.


Dungeon Overview and Level Annotations

Branches:
Dungeon (10/15)            Temple (1/1) D:4
   Lair: D:8-11         Orc: D:9-12

Altars:
Ashenzari
Cheibriados
Dithmenos
Elyvilon
Fedhas
Gozag
Hepliaklqana
Kikubaaqudgha
Makhleb
Nemelex Xobeh
Okawaru
Qazlal
Ru
Sif Muna
Trog
Uskayaw
Vehumet
Wu Jian
Xom
Yredelemnul
Zin
The Shining One

Shops:
D:5 =   D:10 [

Annotations:
D:3 exclusion: oklob plant
D:10 Fannar


Innate Abilities, Weirdness & Mutations

You can walk through water.
Your dull iron-grey scales are very hard. (AC +12)
You cannot fit into any form of body armour.
You can survive without breathing.
You are cold-blooded and may be slowed by cold attacks.


Message History

Fannar is moderately wounded.
Fannar barely misses you.
Casting: Dazzling Spray (safe; 2% risk of failure)
Confirm with . or Enter, or press ? or * to list all spells.
You don't have enough magic to cast that spell.
Fannar says, "I shall freeze you to your soul!"
Fannar casts a spell at you. The bolt of cold hits you!!
Fannar casts a spell.
Fannar casts a spell.
Fannar drains the heat from the surrounding environment!
You feel very cold.
* * * LOW HITPOINT WARNING * * *
Fannar is frozen.
Fannar resists.
Fannar casts a spell.
The ice beast hits you but does no damage.
Fannar gestures wildly while chanting.
Fannar drains the heat from the surrounding environment!
You feel very cold.
You die...

.≈≈≈≈≈# ... .≈≈≈.# ....
.####...######...
...............# #........#
#........# #...e....#
#.Y......##############
#....Y@.....<..........
#######............###+####..
........###........#
#.......# #........#
#.......# #........#
#.......# #........##
#.......# #............
#.......# #............
#.......# #.............


You could see Fannar and 2 ice beasts.

Vanquished Creatures
  Pikel (D:6)
  A troll (D:8)
  Sigmund (D:3)
  A hungry ghost (D:7)
  Duvessa (D:6)
  A water moccasin (D:5)
  4 ice beasts
  2 phantoms
  4 slaves (D:6)
  2 sky beasts
  A black bear (D:9)
  7 ogres
  A necrophage (D:9)
  3 centaurs
  A bullfrog (D:6)
  Dowan (D:6)
  A scorpion (D:9)
  8 wights
  A howler monkey (D:5)
  2 crimson imps
  A centaur zombie (D:5)
  5 hounds
  2 bullfrog zombies (D:5)
  5 jellies
  4 orc wizards
  3 bullfrog skeletons
  A gnoll shaman (D:4)
  Natasha (twice) (D:3)
  2 iguanas
  5 worker ants
  A worker ant zombie (D:8)
  Robin (D:3)
  6 gnolls
  2 adders
  A howler monkey skeleton (D:5)
  2 shadow imps
  9 oozes
  An adder skeleton (D:7)
  3 adder zombies
  A worm (D:5)
  5 dart slugs
  8 leopard geckos
  10 orcs
  7 bats
  4 giant cockroaches
  16 goblins
  7 hobgoblins
  13 jackals
  6 kobolds
  2 quokkas
  3 ball pythons
  4 frilled lizards
  A quokka skeleton (D:4)
  13 rats
200 creatures vanquished.

Notes
Turn   | Place    | Note
-------+----------+-------------------------------------------
     0 | D:1      | Gynju the Draconian Conjurer began the quest for the Orb.
     0 | D:1      | Reached XP level 1. HP: 14/14 MP: 3/3
   265 | D:1      | Reached XP level 2. HP: 20/20 MP: 3/5
  1121 | D:2      | Reached XP level 3. HP: 26/26 MP: 2/7
  2252 | D:3      | Learned a level 3 spell: Dazzling Spray
  2255 | D:3      | Learned a level 2 spell: Searing Ray
  2492 | D:3      | Noticed Robin
  2494 | D:3      | Reached XP level 4. HP: 33/33 MP: 1/8
  2530 | D:3      | Killed Robin
  2539 | D:3      | Reached skill level 5 in Conjurations
  2986 | D:3      | Noticed Sigmund
  3230 | D:3      | Reached XP level 5. HP: 29/38 MP: 1/10
  3379 | D:3      | Reached skill level 1 in Hexes
  3544 | D:3      | Found a blossoming altar of Fedhas.
  3545 | D:3      | Noticed Natasha
  3549 | D:3      | Killed Natasha
  3604 | D:3      | Noticed an oklob plant
  3889 | D:4      | Noticed a phantom
  3914 | D:4      | Noticed a sky beast
  4244 | D:4      | Killed a sky beast
  4244 | D:4      | Reached XP level 6. HP: 24/45 MP: 2/12
  4347 | D:3      | Noticed Natasha
  4352 | D:3      | Killed Natasha
  4653 | D:4      | Reached skill level 6 in Conjurations
  4823 | D:4      | Found a staircase to the Ecumenical Temple.
  4847 | D:4      | Found an ornate altar of the Wu Jian Council.
  4869 | Temple   | Entered the Ecumenical Temple
  5130 | D:4      | Found a shimmering altar of Xom.
  5131 | D:4      | Found a radiant altar of Vehumet.
  5134 | D:4      | Found a shadowy altar of Dithmenos.
  5134 | D:4      | Found a white marble altar of Elyvilon.
  5154 | D:4      | Became a worshipper of Vehumet
  5472 | D:4      | Found an opulent altar of Gozag.
  5494 | D:4      | Your scales start taking on a dull iron-grey colour.
  5494 | D:4      | Reached XP level 7. HP: 50/50 MP: 10/13
  5494 | D:4      | Gained mutation: You can survive without breathing. [Grey
                  | Draconian growth]
  6270 | D:3      | Killed Sigmund
  6270 | D:3      | Reached skill level 1 in Fighting
  6442 | D:5      | Entered Level 5 of the Dungeon
  6502 | D:5      | Reached skill level 7 in Conjurations
  6932 | D:5      | Reached XP level 8. HP: 62/62 MP: 6/14
  7186 | D:5      | Reached skill level 1 in Short Blades
  7615 | D:5      | Found Avedoaq's Jewellery Emporium.
  8557 | D:6      | Noticed Pikel
  8581 | D:6      | Killed Pikel
  8581 | D:6      | Reached skill level 8 in Conjurations
  8581 | D:6      | Reached XP level 9. HP: 46/72 MP: 2/15
  8802 | D:6      | Reached * piety under Vehumet
  8802 | D:6      | Offered knowledge of Flame Tongue by Vehumet.
  9151 | D:6      | Noticed Duvessa
  9151 | D:6      | Noticed Dowan
  9208 | D:6      | Killed Duvessa
  9208 | D:6      | Reached skill level 5 in Fighting
  9220 | D:6      | Killed Dowan
 10345 | D:7      | Reached skill level 5 in Dodging
 10409 | D:7      | Reached skill level 1 in Shields
 10734 | D:7      | Found an iron altar of Okawaru.
 11152 | D:8      | Noticed a troll
 11173 | D:8      | Killed a troll
 11542 | D:8      | Reached skill level 5 in Short Blades
 11983 | D:8      | Reached ** piety under Vehumet
 11983 | D:8      | Offered knowledge of Sandblast by Vehumet.
 12188 | D:8      | Reached XP level 10. HP: 83/83 MP: 4/16
 12897 | D:9      | Reached skill level 9 in Conjurations
 13854 | D:10     | Entered Level 10 of the Dungeon
 13885 | D:10     | Found Otianki's Antique Armour Boutique.
 13887 | D:10     | Noticed Fannar
 13907 | D:10     | Killed from afar by Fannar

Levels and vault maps discovered:
D:1:      dpeg_arrival_concentric_ovals, layout_basic
D:2:      layout_basic, first_ration, nrook_campfire
D:3:      layout_basic, tgw_fedhas, uniq_sigmund, uniq_robin, uniq_natasha
D:4:      layout_basic, overflow_temple_1_default, kennysheep_mini,
          grunt_temple_overflow_open, minmay_temple_entry_sparse_star,
          serial_forest, infiniplex_forest_end_1, infiniplex_forest_fountain,
          infiniplex_forest_corner_1, infiniplex_forest_clump_tiny,
          infiniplex_forest_corner_1, infiniplex_forest_corner_1,
          infiniplex_forest_clump_medium, infiniplex_forest_pool
D:5:      layout_basic, serial_shops, shop
D:6:      layout_basic, uniq_duvessa, uniq_pikel
D:7:      layout_rooms, okawaru_ov_weapons_minmay
D:8:      layout_basic, hangedman_little_slice_of_home
D:9:      layout_irregular_city
D:10:     layout_irregular_city, serial_shops, nicolae_shop_waterfront,
          enter_trove_0, uniq_fannar, uniq_urug
Temple:   regret_index_temple_waves

Skill      XL: |  1  2  3  4  5  6  7  8  9 10 |
---------------+-------------------------------+-----
Spellcasting   | 3 4 |  4.0
Conjurations   | 5 6 7 8 9 |  9.1
Hexes          | 1 3 4 |  4.1
Fighting       | 2 4 6 |  6.6
Dodging        | 2 4 5 |  5.9
Short Blades   | 3 5 |  5.4
Shields        | 2 3 |  3.2
Stealth        | |  1.7

Action                   |  1- 3 |  4- 6 |  7- 9 | 10-12 || total
-------------------------+-------+-------+-------+-------++-------
Melee: Dagger            |     6 |    92 |   108 |       ||   206
       Tailslap          |       |     9 |    19 |       ||    28
       Rapier            |       |       |    92 |    15 ||   107
       Mace              |       |       |    25 |       ||    25
Throw: Stone             |     3 |    25 |       |       ||    28
 Cast: Magic Dart        |    95 |    99 |   319 |    95 ||   608
       Dazzling Spray    |       |    10 |    26 |    10 ||    46
       Searing Ray       |       |     4 |     6 |       ||    10
 Abil: Evoke Flight      |       |       |     1 |       ||     1
 Stab: Invisible         |       |     5 |     7 |     4 ||    16
  Eat: Chunk             |     5 |    11 |    15 |     4 ||    35
       Ration            |       |       |     2 |     1 ||     3
Armor: Skin              |     2 |    24 |   115 |    18 ||   159
Dodge: Dodged            |    12 |    55 |   238 |    23 ||   328
Block: Buckler           |       |       |    25 |     6 ||    31

Table legend:
 A = Non-vault XP
 B = Vault XP
 C = Vault XP percentage of total XP
 D = Non-vault monster count
 E = Vault monster count
 F = Vault count percentage of total count
                 A         B        C        D         E       F
            +---------+---------+-------+---------+---------+-------
      Total |    5340 |    1328 |  19.9 |     172 |      24 |  12.2
            +---------+---------+-------+---------+---------+-------
        D:1 |      27 |       0 |   0.0 |      16 |       0 |   0.0
        D:2 |      46 |       0 |   0.0 |      25 |       0 |   0.0
        D:3 |     151 |     298 |  66.4 |      28 |      13 |  31.7
        D:4 |     645 |       0 |   0.0 |      19 |       0 |   0.0
        D:5 |     989 |       0 |   0.0 |      24 |       0 |   0.0
        D:6 |     520 |     864 |  62.4 |      16 |       3 |  15.8
        D:7 |     787 |       0 |   0.0 |      13 |       0 |   0.0
        D:8 |    1109 |     166 |  13.0 |      13 |       8 |  38.1
        D:9 |    1066 |       0 |   0.0 |      18 |       0 |   0.0
            +---------+---------+-------+---------+---------+-------
